 Dungeon Crawl Stone Soup version 0.29.1-1-gd02db6906a (webtiles) character file.

Game seed: 14020673438262704833

99 jamesp the Insei (level 4, -2/29 HPs)
             Began as an Octopode Transmuter on Oct 6, 2022.
             Slain by Menkaure (19 damage)
             ... on level 4 of the Dungeon.
             The game lasted 00:05:57 (2875 turns).

jamesp the Insei (Octopode Transmuter)              Turns: 2875, Time: 00:05:58

Health: -2/29      AC:  1    Str:  9    XL:     4   Next: 72%
Magic:  8/8        EV: 13    Int: 17    God:
Gold:   234        SH:  0    Dex: 12    Spells: 4/8 levels left

rFire   . . .      SeeInvis .     - Unarmed
rCold   . . .      Faith    .   (no shield)
rNeg    . . .      Spirit   .   (helmet restricted)
rPois   .          Reflect  .   (no amulet)
rElec   .          Harm     .   (no ring)
rCorr   .          Rampage  .   (no ring)
Will    .....                   (no ring)
Stlth   ++........              (no ring)
HPRegen 0.09/turn               (no ring)
MPRegen 0.11/turn               (no ring)
                                (no ring)
                                (no ring)

@: no status effects
A: almost no armour, amphibious, 8 rings, camouflage 1, gelatinous body 1,
(nimble swimmer 1), tentacles
a: no special abilities


You were on level 4 of the Dungeon.
You visited 1 branch of the dungeon, and saw 4 of its levels.

You collected 234 gold pieces.

Inventory:

Missiles
 b - 23 stones
 j - 5 javelins
Scrolls
 d - a scroll of butterflies {unknown}
 e - a scroll of torment {unknown}
 f - 2 scrolls of identify {unknown}
 h - a scroll of enchant armour {unknown}
 i - 2 scrolls of teleportation {unknown}
 k - a scroll of poison {unknown}
 l - a scroll of immolation {unknown}
Potions
 a - a potion of lignification
 c - a potion of brilliance {unknown}
 g - a potion of flight {unknown}


   Skills:
 + Level 2.2 Fighting
 - Level 2.0 Dodging
 + Level 3.7 Unarmed Combat
 + Level 2.7 Spellcasting
 + Level 2.9 Transmutations


You had 4 spell levels left.
You knew the following spells:

 Your Spells              Type           Power      Damage    Failure   Level
a - Beastly Appendage     Tmut           24%        N/A       5%          1
b - Spider Form           Tmut/Pois      7%         N/A       30%         3

Your spell library contained the following spells:

 Spells                   Type           Power      Damage    Failure   Level
 Wereblood                Tmut           12%        N/A       9%          2
 Ice Form                 Ice/Tmut       7%         N/A       69%         4


Dungeon Overview and Level Annotations

Branches:
Dungeon (4/15)
 Temple: D:4-7

Altars:
Ashenzari

Annotations:
D:4 Menkaure


Innate Abilities, Weirdness & Mutations

You cannot wear most types of armour.
You are amphibious.
You can wear up to eight rings at the same time.
Your skin changes colour to match your surroundings (Stealth+).
Your rubbery body absorbs attacks. (AC +1, EV +1)
((You are camouflaged when in or above water. (Stealth+)))
You have tentacles for arms and can constrict up to eight enemies at once.


Message History

Confirm with . or Enter, or press ? or * to list all spells.
One of your tentacles grows a vicious spike.
The hound bites you. x2
You barely miss the hound. Your grab misses the hound. The hound bites you.
You tentacle-slap the hound. Your grab misses the hound.
Your tentacle spike misses the hound.
The hound is moderately wounded.
The hound completely misses you. The hound bites you.
You tentacle-slap the hound but do no damage.
You grab the hound.
Your tentacle spike misses the hound.
You squeeze the hound!
The hound is almost dead.
You constrict the hound. The hound completely misses you.
You tentacle-slap the hound.
You kill the hound!
Your transformation is almost over.
Found a scroll labelled RACUOCV MOPREI.
Your tentacle spike disappears.
Found a stone staircase leading down.
l - a scroll labelled RACUOCV MOPREI You hear the slow rusting of a distant drain.
There is a stone staircase leading down here.
There is an open door here.
You open the door.
There is an open door here.
Menkaure, Prince of Dust comes into view.
Found a scroll labelled VENTEE VOAMIAR.
Menkaure shouts!
Menkaure casts a spell at you. Pain shoots through your body!
Found a scroll labelled ASIHISE QEET.
Casting: Beastly Appendage (safe; 5% risk of failure)
Confirm with . or Enter, or press ? or * to list all spells.
Okay, then.
Okay, then.
Okay, then.
Okay, then.
Menkaure hits you!!
Ouch! That really hurt!
You die...

#. ###.# ..?# ### #.
#..## #.. ...##...# #.#
......# #.# ##...######
#.# #.##..#......# #.#
#..M@...###..# ######<###
######.## #........# #.#
#.###....# #.# #.# #.#.[#
##'## #.# #....# ##...##
# #.# #.##.# ##.....##.#
#.###.#..# ##...^...#.##
#........####............


You could see Menkaure.

Vanquished Creatures
  A hound (D:4)
  3 gnolls (D:2)
  A dart slug (D:1)
  6 ball pythons
  8 bats
  3 endoplasms (D:1)
  5 goblins
  5 hobgoblins
  A kobold (D:1)
  2 frilled lizards
  3 rats
38 creatures vanquished.

Notes
Turn   | Place    | Note
-------+----------+-------------------------------------------
     0 | D:1      | jamesp the Octopode Transmuter began the quest for the Orb.
     0 | D:1      | Reached XP level 1. HP: 13/13 MP: 3/3
   122 | D:1      | Reached XP level 2. HP: 17/18 MP: 3/5
   486 | D:1      | Reached XP level 3. HP: 21/23 MP: 6/6
  1077 | D:2      | Found a faded altar of an unknown god.
  1329 | D:2      | Reached XP level 4. HP: 20/29 MP: 5/7
  2345 | D:3      | Found a broken altar of Ashenzari.
  2718 | D:3      | Learned a level 3 spell: Spider Form
  2730 | D:4      | Noticed a necrophage
  2870 | D:4      | Noticed Menkaure
  2875 | D:4      | Slain by Menkaure

Illustrated notes

Levels and vault maps discovered:
D:1:      wheals_arrival_linesprint, layout_rooms, minmay_misc_feat_doors
D:2:      layout_basic, hellmonk_ecumenical_altar_pennies_from_heaven
D:3:      layout_basic, mainiacjoe_overflow_surrounded_room, serial_curves,
          eino_curves_03, eino_curves_03
D:4:      layout_loops_corners, gup_sewer_entry_bubbles, serial_shops,
          kennysheep_mini, shop, shop, minmay_starry_boxes, uniq_robin,
          uniq_pikel, uniq_duvessa, uniq_crazy_yiuf_cottage, uniq_menkaure

Skill      XL: |  1  2  3  4 |
---------------+-------------+-----
Fighting       | 2 |  2.2
Dodging        | |  2.0
Unarmed Combat | |  3.7
Spellcasting   | |  2.7
Transmutations | |  2.9

Action                   |  1- 3 |  4- 6 || total
-------------------------+-------+-------++-------
Melee: Unarmed           |    62 |    20 ||    82
       Kick              |    17 |     3 ||    20
       Tentacles         |     9 |     2 ||    11
       Punch             |     1 |     4 ||     5
       Constrict         |    15 |     6 ||    21
 Cast: Beastly Appendage |    16 |     8 ||    24
 Stab: Sleeping          |     5 |     3 ||     8
Armor: Skin              |     5 |     3 ||     8
Dodge: Dodged            |    42 |    13 ||    55
